[Event "Titled Tuesday Blitz July 25 Late 2023"]
[White "Adewumi, Tanitoluwa"]
[Black "Pinero Rodriguez, Carlos Jose"]
[WhiteFideId "30966396"]
[BlackFideId "3901726"]
[WhiteElo "2689"]
[BlackElo "2644"]
[Result "1-0"]
[Round "9"]
[TimeControl "180+2"]
[Date "2023.07.25"]
[WhiteClock "0:00:10"]
[BlackClock "0:00:00"]
[Board "41"]

1. e4 c5 2. Nf3 e6 3. c3 Nf6 4. e5 Nd5 5. Bc4 Nb6 6. Bb3 c4 7. Bc2 d5 8. exd6 Bxd6 9. d4 cxd3 10. Qxd3 Nc6 11. O-O Qc7 12. Rd1 Be7 13. Nbd2 e5 14. Qe2 f6 15. Bb3 a6 16. Nh4 g6 17. Ne4 Na5 18. Bc2 Be6 19. Qf3 O-O 20. Bh6 Rf7 21. Qg3 g5 22. Nf3 Kh8 23. Nexg5 fxg5 24. Nxe5 Bf6 25. Nxf7+ Qxf7 26. Bxg5 Rg8 27. h4 Nac4 28. b3 Ne5 29. Re1 Ng6 30. Qe3 Nxh4 31. Bxh4 Bxh4 32. Qd4+ Bf6 33. Qxb6 Bxc3 34. Rad1 Bxe1 35. Rxe1 Bd5 36. Qd4+ Rg7 37. g3 Qf3 38. Be4 Bxe4 39. Qd8+ Rg8 40. Qd4+ Rg7 41. Rxe4 Qf8 42. Rf4 Qg8 43. Qe5 h6 44. Rh4 Kh7 45. Qf5+ Rg6 46. Qd7+ Qg7 47. Rd4 h5 48. Qf5 Kh6 49. Rd7 Qg8 50. Qf4+ Rg5 51. Qf6+ Rg6 52. Qf4+ Rg5 53. Rf7 a5 54. Rf8 Qg7 55. Rf7 Qg8 56. Rxb7 Qd5 57. Rb6+ Kh7 58. Qc7+ Rg7 59. Qc2+ Kg8 60. Rb8+ Kf7 61. Qc4 Qxc4 62. bxc4 Rg5 63. Rb5 Rg4 64. Rxa5 Kg6 65. c5 Rc4 66. Ra6+ Kg5 67. c6 Kg4 68. Kg2 h4 69. gxh4 Kxh4 70. a4 Kg4 71. a5 Kf5 72. Rb6 Ke6 73. a6 Kd6 74. a7 Ra4 75. Rb7 Kxc6 76. Rh7 Kd6 77. Kg3 Ke6 78. f3 Kf6 79. Rb7 Kf5 80. Rf7+ Kg6 81. Rc7 Kf5 82. Kf2 Kf6 83. Ke3 Kf5 84. Kd3 Kf4 85. Rc4+ Rxc4 86. Kxc4 Kxf3 87. a8=Q+ 1-0


[Site "https://www.chess.com"]

[Event "Titled Tuesday Blitz July 25 Late 2023"]
[White "Goltsev, Dmitry"]
[Black "Ismayil, Malak"]
[WhiteFideId "24176710"]
[BlackFideId "13412604"]
[WhiteElo "2676"]
[BlackElo "2466"]
[Result "1-0"]
[Round "9"]
[TimeControl "180+2"]
[Date "2023.07.25"]
[WhiteClock "0:00:25"]
[BlackClock "0:00:00"]
[Board "42"]

1. e4 e5 2. Nf3 Nc6 3. Bb5 a6 4. Ba4 Nf6 5. O-O b5 6. Bb3 Be7 7. Re1 O-O 8. c3 d6 9. d4 h6 10. Nh4 Re8 11. f4 Na5 12. Bc2 Bf8 13. h3 Bb7 14. d5 c6 15. fxe5 dxe5 16. dxc6 Bxc6 17. Qf3 Nxe4 18. Rxe4 Bxe4 19. Qxe4 g6 20. Nxg6 fxg6 21. Qxg6+ Bg7 22. Bxh6 Qf6 23. Qh7+ Kf7 24. Bxg7 Qxg7 25. Qh5+ Kg8 26. Nd2 Nc4 27. Nxc4 bxc4 28. Be4 Rad8 29. Bd5+ Rxd5 30. Qxe8+ Kh7 31. Rf1 Rd7 32. Kh2 Re7 33. Qh5+ Kg8 34. Rf3 Qh7 35. Rg3+ Kh8 36. Qg4 Re8 37. Qxc4 1-0


[Site "https://www.chess.com"]

[Event "Titled Tuesday Blitz July 25 Late 2023"]
[White "Toncheva, Nadya"]
[Black "Weetik, Vjacheslav"]
[WhiteFideId "2924056"]
[BlackFideId "4153472"]
[WhiteElo "2476"]
[BlackElo "2675"]
[Result "0-1"]
[Round "9"]
[TimeControl "180+2"]
[Date "2023.07.25"]
[WhiteClock "0:00:00"]
[BlackClock "0:00:09"]
[Board "43"]

1. e4 c6 2. d4 d5 3. Nc3 dxe4 4. Nxe4 Bf5 5. Ng3 Bg6 6. h4 h6 7. Nf3 e6 8. Bd3 Bxd3 9. Qxd3 Nf6 10. Bf4 Bd6 11. Ne5 Nd5 12. Bd2 Nd7 13. Nc4 Be7 14. O-O-O Qc7 15. Ne4 O-O-O 16. Qf3 N7f6 17. Rhe1 c5 18. Ne5 Nxe4 19. Qxe4 Rhf8 20. Nxf7 c4 21. Nxd8 Rxd8 22. Qxe6+ Kb8 23. c3 Qa5 24. Kb1 Qb5 25. Re5 Bf6 26. Rxd5 Rxd5 27. Bf4+ Ka8 28. Re1 Rd8 29. Bc7 Rh8 30. Qf7 a5 31. Be5 Re8 32. Re3 Bxh4 33. g3 Bg5 34. f4 Bf6 35. Qg6 Qc6 36. Qe4 Qc8 37. Qc2 Qc6 38. Qd1 Ka7 39. a3 Be7 40. d5 Qb5 41. Qd4+ Bc5 42. Qe4 Bxa3 43. Qc2 Bc5 44. Bd4 Rxe3 45. Bxe3 Bxe3 46. Qe2 Bc5 47. d6 Bxd6 48. Qf2+ Qc5 49. Qe2 a4 50. Ka2 Qb5 51. Qe3+ Bc5 52. Qe5 Qc6 53. Qf5 g6 54. Qc2 h5 55. Qe2 Qb5 56. g4 Qb3+ 57. Kb1 a3 58. gxh5 gxh5 59. Qg2 Qxb2+ 60. Qxb2 axb2 61. Kxb2 h4 62. f5 h3 63. f6 h2 64. f7 Bf8 0-1


[Site "https://www.chess.com"]

[Event "Titled Tuesday Blitz July 25 Late 2023"]
[White "Slovineanu, Viacheslav"]
[Black "Bjelobrk, Igor"]
[WhiteFideId "13900510"]
[BlackFideId "4300726"]
[WhiteElo "2417"]
[BlackElo "2673"]
[Result "1-0"]
[Round "9"]
[TimeControl "180+2"]
[Date "2023.07.25"]
[WhiteClock "0:00:07"]
[BlackClock "0:00:04"]
[Board "44"]

1. d4 e6 2. c4 b6 3. Nf3 Bb7 4. e3 f5 5. g3 Nf6 6. Bg2 g6 7. O-O Bg7 8. Nc3 O-O 9. Rb1 a5 10. a3 Ne4 11. Bd2 Nxc3 12. Bxc3 Be4 13. Rc1 a4 14. d5 exd5 15. cxd5 Na6 16. Bxg7 Kxg7 17. Ne5 Bxg2 18. Kxg2 Nc5 19. Nd3 d6 20. Nf4 Re8 21. h4 Qf6 22. Qd4 Re4 23. Qxf6+ Kxf6 24. Rfd1 Ra5 25. Rd4 Rb5 26. Rc2 h6 27. Ne6 Nxe6 28. dxe6 Rc5 29. Rxe4 fxe4 30. Rd2 Kxe6 31. Rd4 d5 32. Rxa4 Rc2 33. b4 d4 34. b5 d3 35. Rxe4+ Kf5 36. Rd4 d2 37. Kf3 Ra2 38. Ke2 d1=Q+ 39. Kxd1 Rxf2 40. Rf4+ Rxf4 41. gxf4 Kg4 42. Ke2 Kxh4 43. Kf3 h5 44. e4 g5 45. e5 g4+ 46. Kg2 g3 47. e6 Kg4 48. e7 h4 49. e8=Q h3+ 50. Kg1 Kf3 51. Qc6+ Kxf4 52. Qxc7+ 1-0


[Site "https://www.chess.com"]

[Event "Titled Tuesday Blitz July 25 Late 2023"]
[White "Grossboss19"]
[Black "campochess"]
[WhiteElo "2491"]
[BlackElo "2219"]
[Result "1-0"]
[Round "9"]
[TimeControl "180+2"]
[Date "2023.07.25"]
[WhiteClock "0:00:15"]
[BlackClock "0:00:28"]
[Board "45"]

1. c4 e6 2. Nc3 c6 3. d4 d5 4. e4 Bb4 5. e5 dxc4 6. Bxc4 Ne7 7. a3 Bxc3+ 8. bxc3 Nf5 9. g4 Nh4 10. Nf3 Ng6 11. Ng5 h6 12. Ne4 O-O 13. Qf3 c5 14. Nxc5 Nc6 15. Bb5 Ncxe5 16. dxe5 Nxe5 17. Qe4 Qf6 18. Nd3 Nxd3+ 19. Bxd3 Rd8 20. O-O Qxc3 21. Qh7+ Kf8 22. Be4 Qxa1 23. Bg5 Qxf1+ 24. Kxf1 hxg5 25. Qh8+ Ke7 26. Qxg7 Bd7 27. Qxg5+ Kd6 28. h4 f5 29. gxf5 exf5 30. Qf6+ Kc7 31. Qe5+ Kc8 32. Qc5+ Bc6 33. Bxc6 bxc6 34. Qxc6+ Kb8 35. h5 a5 36. h6 Ra7 37. Qb6+ Kc8 38. Qxa7 1-0


[Site "https://www.chess.com"]

[Event "Titled Tuesday Blitz July 25 Late 2023"]
[White "Troff, Kayden"]
[Black "Bettalli, Francesco"]
[WhiteFideId "2047896"]
[BlackFideId "2816453"]
[WhiteElo "2796"]
[BlackElo "2454"]
[Result "1-0"]
[Round "9"]
[TimeControl "180+2"]
[Date "2023.07.25"]
[WhiteClock "0:00:17"]
[BlackClock "0:00:03"]
[Board "46"]

1. d4 Nf6 2. Nf3 c5 3. dxc5 e6 4. Be3 Na6 5. g3 Bxc5 6. Bxc5 Nxc5 7. Bg2 O-O 8. O-O d5 9. Nbd2 b6 10. c4 Bb7 11. Rc1 Qe7 12. Ne5 dxc4 13. Ndxc4 Bxg2 14. Kxg2 Rfd8 15. Qc2 Qb7+ 16. Kg1 Rac8 17. Rfd1 Rxd1+ 18. Rxd1 Qc7 19. Nd6 Rf8 20. b4 Na6 21. Qxc7 Nxc7 22. Nc6 h5 23. Nxa7 Ra8 24. Ndc8 Nfd5 25. a3 Nc3 26. Rd8+ Kh7 27. Kf1 h4 28. Rd7 N7b5 29. Nxb5 Nxb5 30. Rxf7 Rxa3 31. gxh4 Rb3 32. Rf4 Nc3 33. Nxb6 Rb1+ 34. Kg2 Nxe2 35. Rc4 e5 36. Nd5 Nd4 37. f4 Rb2+ 38. Kh3 Nf3 39. fxe5 Nxe5 40. Rc5 Nf3 41. Ne7 g6 42. Rc7 Kh6 43. Ng8+ Kh5 44. Rh7# 1-0


[Site "https://www.chess.com"]

[Event "Titled Tuesday Blitz July 25 Late 2023"]
[White "Molenda, Marcin"]
[Black "Stoyanov, Tsvetan"]
[WhiteFideId "1173065"]
[BlackFideId "2917173"]
[WhiteElo "2526"]
[BlackElo "2758"]
[Result "1-0"]
[Round "9"]
[TimeControl "180+2"]
[Date "2023.07.25"]
[WhiteClock "0:00:44"]
[BlackClock "0:00:00"]
[Board "47"]

1. Nf3 d5 2. c4 d4 3. e3 c5 4. exd4 cxd4 5. g3 Nc6 6. d3 e5 7. Bg2 Nf6 8. O-O Bd6 9. a3 a5 10. Bg5 h6 11. Bxf6 Qxf6 12. Nbd2 O-O 13. Ne4 Qe7 14. Nxd6 Qxd6 15. Rc1 Bf5 16. Re1 Rfe8 17. Qb3 Qc7 18. Nd2 a4 19. Qc2 Bg6 20. Ne4 f5 21. Nc5 Nd8 22. Nxa4 e4 23. c5 Ne6 24. Nb6 Rad8 25. dxe4 d3 26. Qd2 fxe4 27. Bxe4 Bxe4 28. Rxe4 Nd4 29. Qxd3 Rxe4 30. Qxe4 Qf7 31. Kg2 Nb3 32. Rc3 Nd2 33. Qe5 Qg6 34. Re3 Qb1 35. Re1 Qd3 36. Qe3 Qf5 37. b4 Kh7 38. Re2 Ne4 39. Qxe4 1-0


[Site "https://www.chess.com"]

[Event "Titled Tuesday Blitz July 25 Late 2023"]
[White "Garakov, Mikhael"]
[Black "Morefield, Jason"]
[WhiteFideId "4169034"]
[BlackFideId "30920825"]
[WhiteElo "2523"]
[BlackElo "2739"]
[Result "0-1"]
[Round "9"]
[TimeControl "180+2"]
[Date "2023.07.25"]
[WhiteClock "0:00:13"]
[BlackClock "0:00:53"]
[Board "48"]

1. e4 d6 2. d4 Nf6 3. Nc3 g6 4. g3 Bg7 5. Bg2 O-O 6. Nge2 e5 7. O-O Nbd7 8. h3 c6 9. a4 Qc7 10. Kh2 a5 11. Be3 Re8 12. Qd2 exd4 13. Nxd4 Ne5 14. b3 b6 15. f4 Ned7 16. Rad1 Nc5 17. e5 dxe5 18. fxe5 Qxe5 19. Bf4 Qh5 20. Nxc6 Bb7 21. Nd5 Bxc6 22. Nxf6+ Bxf6 23. g4 Qh4 24. Bg3 Rad8 25. Bxh4 Rxd2 26. Rxd2 Bxh4 27. Bxc6 Re3 28. Bd5 Kg7 29. Rxf7+ Kh6 30. Rc7 Bg3+ 31. Kg2 Bxc7 32. h4 Rg3+ 0-1


[Site "https://www.chess.com"]

[Event "Titled Tuesday Blitz July 25 Late 2023"]
[White "Machidon, Cristi"]
[Black "Dimitrov, Atanas"]
[WhiteFideId "13904590"]
[BlackFideId "2901315"]
[WhiteElo "2512"]
[BlackElo "2680"]
[Result "0-1"]
[Round "9"]
[TimeControl "180+2"]
[Date "2023.07.25"]
[WhiteClock "0:00:29"]
[BlackClock "0:01:08"]
[Board "49"]

1. e3 d5 2. c4 c6 3. Nf3 Nf6 4. Nc3 g6 5. b3 Bg7 6. Bb2 O-O 7. Be2 a5 8. O-O Na6 9. Rc1 Bf5 10. cxd5 cxd5 11. d4 Ne4 12. Nxe4 Bxe4 13. Ne5 Bf5 14. Qd2 Qb6 15. Bc3 Nc7 16. Nd3 Nb5 17. Bb2 a4 18. Qb4 axb3 19. Qxb3 Qa5 20. Nc5 Nd6 21. a4 b6 22. Bc3 Qa7 23. Na6 Rfc8 24. Bb4 Nc4 25. Rxc4 dxc4 26. Bxc4 Rxc4 27. Qxc4 Qxa6 0-1


[Site "https://www.chess.com"]

[Event "Titled Tuesday Blitz July 25 Late 2023"]
[White "Haydon, David L"]
[Black "Roberson, Peter T"]
[WhiteFideId "415405"]
[BlackFideId "412384"]
[WhiteElo "2632"]
[BlackElo "2501"]
[Result "1-0"]
[Round "9"]
[TimeControl "180+2"]
[Date "2023.07.25"]
[WhiteClock "0:01:08"]
[BlackClock "0:00:00"]
[Board "50"]

1. d4 Nf6 2. Nc3 d5 3. Bf4 a6 4. e3 e6 5. Bd3 c5 6. Nf3 Nc6 7. dxc5 Bxc5 8. O-O O-O 9. Qd2 Bd6 10. Bg3 e5 11. Be2 Be6 12. Rfd1 Qa5 13. a3 Rad8 14. Ng5 e4 15. Bxd6 Rxd6 16. Ngxe4 Nxe4 17. Nxe4 Qxd2 18. Rxd2 Rdd8 19. Nc5 Bc8 20. Rad1 Ne7 21. c4 b6 22. Na4 Rd6 23. cxd5 f5 24. Nc3 Rfd8 25. Rd4 Bb7 26. f3 b5 27. R1d2 Nxd5 28. Bd1 Nxc3 29. Rxd6 Rxd6 30. Rxd6 Nxd1 31. Rxd1 Bc6 32. Rd6 1-0


[Site "https://www.chess.com"]

[Event "Titled Tuesday Blitz July 25 Late 2023"]
[White "Tanaka, Taira Tyler"]
[Black "Yeritsyan, Hayk"]
[WhiteFideId "7002351"]
[BlackFideId "13307320"]
[WhiteElo "2624"]
[BlackElo "2486"]
[Result "1-0"]
[Round "9"]
[TimeControl "180+2"]
[Date "2023.07.25"]
[WhiteClock "0:00:22"]
[BlackClock "0:00:03"]
[Board "51"]

1. c4 c6 2. b3 d5 3. Bb2 Bf5 4. e3 e6 5. Nf3 Nf6 6. Nc3 h6 7. h3 Be7 8. d4 Nbd7 9. Bd3 Bxd3 10. Qxd3 Bd6 11. O-O O-O 12. e4 dxc4 13. Qxc4 e5 14. Rad1 Qe7 15. Rfe1 Rfe8 16. d5 Nb6 17. Qd3 cxd5 18. Nxd5 Nbxd5 19. exd5 Nd7 20. Nd4 g6 21. Nb5 a6 22. Nxd6 Qxd6 23. Qe3 Kh7 24. Bc1 g5 25. h4 f6 26. Qe4+ Kg7 27. h5 Nf8 28. Bd2 a5 29. Re3 Rad8 30. Be1 b6 31. Rf3 Qd7 32. Bc3 Qf7 33. g4 Rd7 34. a4 Red8 35. Rfd3 Rd6 36. Bb2 Nd7 37. Ba3 Nc5 38. Bxc5 bxc5 39. f3 Rb8 40. Kg2 Rb4 41. Qe3 Qc7 42. Rc1 Rd4 43. Rxd4 exd4 44. Qe4 Qd7 45. Rxc5 Qf7 46. Rxa5 Qc7 47. Qg6+ Kf8 48. Ra8+ Rd8 49. Qxf6+ Ke8 50. Rxd8+ Qxd8 51. Qxd8+ Kxd8 52. Kf2 1-0


[Site "https://www.chess.com"]

[Event "Titled Tuesday Blitz July 25 Late 2023"]
[White "Zavgorodniy, Sergiy"]
[Black "MateoReyes"]
[WhiteFideId "14110148"]
[WhiteElo "2601"]
[BlackElo "2477"]
[Result "1-0"]
[Round "9"]
[TimeControl "180+2"]
[Date "2023.07.25"]
[WhiteClock "0:01:06"]
[BlackClock "0:01:49"]
[Board "52"]

1. d4 Nf6 2. c4 g6 3. Nc3 Bg7 4. e4 d6 5. Be2 Nc6 6. Nf3 O-O 7. O-O e5 8. d5 Ne7 9. Ne1 a5 10. Be3 b6 11. a3 h5 12. f3 Kh7 13. b4 Bh6 14. Bxh6 Kxh6 15. Nd3 Kh7 16. c5 axb4 17. axb4 bxc5 18. Rxa8 h4 19. bxc5 Nh5 20. Nb5 f5 21. Na7 Qd7 22. c6 Qd8 23. Qa4 Qe8 24. Rb1 Qf7 25. Rbb8 fxe4 26. Qxe4 Nf6 27. Qxh4+ Kg7 28. Nxc8 Rh8 29. Qf2 e4 30. Nxe7 Rxb8 31. Rxb8 exd3 32. Bxd3 Qxe7 33. Be4 Qe5 34. Qb2 Qf4 35. Rb3 Kh6 36. g3 Qg5 37. f4 Qg4 38. Qxf6 Qd1+ 39. Kg2 Qe2+ 40. Kh3 Qf1+ 41. Bg2 Qe1 42. Qh8# 1-0


[Site "https://www.chess.com"]

[Event "Titled Tuesday Blitz July 25 Late 2023"]
[White "Medina Paz, Miguel"]
[Black "ExchangeAB"]
[WhiteFideId "7300379"]
[WhiteElo "2583"]
[BlackElo "2461"]
[Result "1-0"]
[Round "9"]
[TimeControl "180+2"]
[Date "2023.07.25"]
[WhiteClock "0:02:04"]
[BlackClock "0:00:20"]
[Board "53"]

1. e4 c6 2. d4 d5 3. exd5 cxd5 4. Nf3 Nf6 5. Nbd2 Nc6 6. Bb5 Bd7 7. O-O Rc8 8. c3 a6 9. Bd3 Bg4 10. a4 e6 11. Qb3 Na5 12. Qa2 Bxf3 13. Nxf3 Be7 14. Re1 O-O 15. Bf4 Nc4 16. Re2 h6 17. a5 Bd6 18. Bxc4 Bxf4 19. Bd3 Bd6 20. g3 Re8 21. Kg2 Bf8 22. Rae1 Re7 23. Ne5 Nd7 24. f4 Nxe5 25. fxe5 Re8 26. Rf1 Rc7 27. Ref2 Qb8 28. Bb1 b5 29. axb6 Qxb6 30. Qa4 Ree7 31. Qc2 g6 32. h4 h5 33. g4 Bg7 34. gxh5 gxh5 35. Qe2 a5 36. Qxh5 a4 37. Qh7+ Kf8 38. h5 a3 39. h6 Bxh6 40. Qh8# 1-0


[Site "https://www.chess.com"]

[Event "Titled Tuesday Blitz July 25 Late 2023"]
[White "Trifan, Andrei Ioan"]
[Black "Goncalves, Davi Sulzbacher"]
[WhiteFideId "12967068"]
[BlackFideId "2154510"]
[WhiteElo "2582"]
[BlackElo "2455"]
[Result "1-0"]
[Round "9"]
[TimeControl "180+2"]
[Date "2023.07.25"]
[WhiteClock "0:00:16"]
[BlackClock "0:00:00"]
[Board "54"]

1. e4 c6 2. d4 d5 3. exd5 cxd5 4. c4 Nf6 5. Nc3 g6 6. Nf3 Bg7 7. c5 O-O 8. Bd3 b6 9. cxb6 axb6 10. h3 Ba6 11. Bxa6 Nxa6 12. O-O Nc7 13. Re1 b5 14. Ne5 b4 15. Na4 Ne4 16. f3 Nd6 17. Nc6 Qd7 18. Nxe7+ Kh8 19. Nb6 Qb5 20. Nxa8 Rxa8 21. Bf4 Qd7 22. Rc1 Ne6 23. Bxd6 Qxd6 24. Nc6 Rc8 25. Qa4 Nxd4 26. Nxd4 Bxd4+ 27. Kh1 Rxc1 28. Rxc1 Qf4 29. Rc8+ Kg7 30. Qxb4 Qe3 31. Qf8+ Kf6 32. Qd8+ Kg7 33. Qf8+ Kf6 34. Rc6+ Kg5 35. Qe7+ Kh6 36. Qxe3+ Bxe3 37. Rd6 1-0


[Site "https://www.chess.com"]

[Event "Titled Tuesday Blitz July 25 Late 2023"]
[White "Sargsyan, Anna M."]
[Black "Rangel, Daniel"]
[WhiteFideId "13308130"]
[BlackFideId "2124475"]
[WhiteElo "2576"]
[BlackElo "2454"]
[Result "0-1"]
[Round "9"]
[TimeControl "180+2"]
[Date "2023.07.25"]
[WhiteClock "0:00:29"]
[BlackClock "0:00:07"]
[Board "55"]

1. d4 Nf6 2. c4 e6 3. Nf3 d5 4. Nc3 Be7 5. Bf4 O-O 6. e3 a6 7. h3 Nbd7 8. Rc1 Re8 9. c5 Ne4 10. Nxe4 dxe4 11. Nd2 f5 12. Bc4 Nf6 13. O-O Nd5 14. Bh2 c6 15. Qe2 Rf8 16. f3 Bg5 17. fxe4 Nxe3 18. Rf2 Nxc4 19. Rxc4 Bxd2 20. Qxd2 fxe4 21. Bd6 Rxf2 22. Qxf2 Bd7 23. Rc1 Qf6 24. Qe3 Qg6 25. Rf1 h6 26. Rf4 e5 27. Bxe5 Be6 28. Rxe4 h5 29. Rf4 Rf8 30. a3 Rxf4 31. Qxf4 Bd5 32. Qf2 Kh7 33. Kh2 Qe4 34. Qg3 Qg6 35. Qf2 Qe4 36. b4 Qg6 37. Qe2 Kg8 38. Qd2 Kh7 39. a4 Kg8 40. Qb2 Kh7 41. Bg3 Kg8 42. h4 Kh7 43. b5 axb5 44. axb5 Kg8 45. b6 Qe4 46. Qd2 Kh7 47. Qf2 Kg8 48. Be5 Kh7 49. Qf4 Qxg2# 0-1


[Site "https://www.chess.com"]

[Event "Titled Tuesday Blitz July 25 Late 2023"]
[White "SergioMoralesG"]
[Black "Gireman, Ja"]
[BlackFideId "5043794"]
[WhiteElo "2457"]
[BlackElo "2575"]
[Result "0-1"]
[Round "9"]
[TimeControl "180+2"]
[Date "2023.07.25"]
[WhiteClock "0:00:00"]
[BlackClock "0:01:19"]
[Board "56"]

1. d4 Nf6 2. c4 g6 3. Nc3 d5 4. Nf3 Bg7 5. e3 O-O 6. Be2 c5 7. O-O dxc4 8. Bxc4 Nc6 9. d5 Na5 10. Be2 a6 11. e4 b5 12. e5 Nd7 13. Bf4 Bb7 14. Qd2 Nb6 15. Rfd1 b4 16. Ne4 Qxd5 17. Qxd5 Nxd5 18. Bg3 Rac8 19. Rac1 c4 20. Rd4 f5 21. Neg5 c3 22. bxc3 Nxc3 23. Re1 Nxe2+ 24. Rxe2 Rc4 25. Rd7 Bxf3 26. gxf3 Nc6 27. Ne6 Rc8 28. Nxg7 Kxg7 29. f4 Kf7 30. e6+ Ke8 31. Bh4 Rxf4 32. Bg3 Rd4 33. Rc2 Rxd7 34. exd7+ Kxd7 35. Rc4 e5 0-1


[Site "https://www.chess.com"]

[Event "Titled Tuesday Blitz July 25 Late 2023"]
[White "Ambartsumova, Karina"]
[Black "Rios Escobar, Adan"]
[WhiteFideId "4166299"]
[BlackFideId "3403645"]
[WhiteElo "2561"]
[BlackElo "2438"]
[Result "0-1"]
[Round "9"]
[TimeControl "180+2"]
[Date "2023.07.25"]
[WhiteClock "0:00:00"]
[BlackClock "0:00:18"]
[Board "57"]

1. d4 Nf6 2. c4 g6 3. Nc3 Bg7 4. e4 d6 5. Nf3 O-O 6. h3 e5 7. d5 a5 8. g4 Na6 9. Be3 Nd7 10. Qc2 Nb4 11. Qd2 Nc5 12. g5 f5 13. gxf6 Rxf6 14. Be2 Qf8 15. Ng5 h6 16. Ne6 Bxe6 17. dxe6 Nxe6 18. O-O-O Nd4 19. Kb1 Kh7 20. Rhg1 Qf7 21. Nd5 Nxd5 22. exd5 Nxe2 23. Qxe2 Rf8 24. Rg2 Rf3 25. Rdg1 Qf5+ 26. Ka1 Rf6 27. h4 Rh3 28. Qd2 b6 29. Qd1 Rxh4 30. Qa4 Qd3 31. Rc1 Qxd5 32. Qd7 Qxg2 0-1


[Site "https://www.chess.com"]

[Event "Titled Tuesday Blitz July 25 Late 2023"]
[White "Fonseca Manrique, Enrique"]
[Black "ChessSG1"]
[WhiteFideId "5114330"]
[WhiteElo "2556"]
[BlackElo "2428"]
[Result "0-1"]
[Round "9"]
[TimeControl "180+2"]
[Date "2023.07.25"]
[WhiteClock "0:00:00"]
[BlackClock "0:00:17"]
[Board "58"]

1. e4 c5 2. Nf3 e6 3. d4 cxd4 4. Nxd4 a6 5. c4 Nf6 6. Nc3 Bb4 7. Qd3 O-O 8. Be2 d6 9. O-O Nbd7 10. f3 Ne5 11. Qc2 Qc7 12. b3 Bc5 13. Be3 Nc6 14. Qd2 Nxd4 15. Bxd4 Qb6 16. Rad1 e5 17. Bxc5 Qxc5+ 18. Kh1 Rd8 19. Na4 Qc7 20. c5 Be6 21. cxd6 Qc6 22. Nb2 Ne8 23. Nc4 Bxc4 24. Bxc4 Nxd6 25. Bd5 Qc7 26. Qg5 Ne8 27. Rc1 Qd7 28. h4 Nf6 29. Rfd1 Qe7 30. h5 Nxd5 31. Qg3 Nf4 32. h6 Qf6 33. hxg7 Qh6+ 34. Qh2 Qxh2+ 35. Kxh2 Kxg7 36. Re1 Nd3 0-1


[Site "https://www.chess.com"]

[Event "Titled Tuesday Blitz July 25 Late 2023"]
[White "Yu, Jennifer"]
[Black "Musovic, Armin"]
[WhiteFideId "2078341"]
[BlackFideId "939935"]
[WhiteElo "2382"]
[BlackElo "2546"]
[Result "0-1"]
[Round "9"]
[TimeControl "180+2"]
[Date "2023.07.25"]
[WhiteClock "0:00:02"]
[BlackClock "0:00:09"]
[Board "59"]

1. d4 d5 2. Bf4 c5 3. e3 cxd4 4. exd4 Nc6 5. c3 f6 6. Bd3 e5 7. Qh5+ g6 8. Bxg6+ hxg6 9. Qxh8 exf4 10. Qxg8 Qe7+ 11. Ne2 Bf5 12. Nd2 O-O-O 13. Qh8 Bg7 14. Qh4 Re8 15. O-O g5 16. Qh5 Qxe2 17. Qf7 Rh8 18. Rfe1 Qh5 19. Re8+ Nd8 20. Qxh5 Rxh5 21. Rg8 Rh7 22. Re1 Kd7 23. Nb3 b6 24. h3 Bh6 25. Nc1 Rg7 26. Rh8 Nf7 27. Ra8 Kc6 28. Rxa7 Nd6 29. Ree7 Rxe7 30. Rxe7 g4 31. hxg4 Bxg4 32. Rh7 Bg5 33. Rg7 Bf5 34. Rg8 Bc2 35. Ra8 Ne4 36. a4 f3 37. a5 fxg2 38. axb6 Bxc1 39. Kxg2 Kxb6 40. Rb8+ Kc7 41. Re8 Bxb2 42. Re7+ Kd6 43. Ra7 Bxc3 44. Ra6+ Kd7 45. f3 Nd6 46. Ra7+ Kd8 47. Ra8+ Nc8 48. Ra6 Bxd4 49. Rc6 Bf5 50. Kg3 Be5+ 51. f4 Bd6 52. Kf3 Be4+ 53. Ke3 f5 54. Kd4 Kd7 55. Ra6 Bc7 56. Kc5 Bb6+ 57. Kb5 Be3 58. Rf6 Nd6+ 59. Ka6 Ne8 60. Rf7+ Ke6 61. Rf8 Nd6 0-1


[Site "https://www.chess.com"]

[Event "Titled Tuesday Blitz July 25 Late 2023"]
[White "Deng, Henry"]
[Black "Senft, Sean"]
[WhiteFideId "30965454"]
[BlackFideId "2044960"]
[WhiteElo "2539"]
[BlackElo "2342"]
[Result "1/2-1/2"]
[Round "9"]
[TimeControl "180+2"]
[Date "2023.07.25"]
[WhiteClock "0:01:40"]
[BlackClock "0:01:11"]
[Board "60"]

1. b3 d5 2. Bb2 Nf6 3. e3 c5 4. Nf3 Nc6 5. Bb5 Bg4 6. O-O e6 7. d4 cxd4 8. Bxd4 Bd6 9. h3 Bh5 10. Bb2 O-O 11. Nbd2 Ne4 12. Be2 Nxd2 13. Nxd2 Bxe2 14. Qxe2 Be5 15. Bxe5 Nxe5 16. c4 dxc4 17. Nxc4 Nxc4 18. Qxc4 Rc8 19. Qb5 Rc7 20. Rad1 Qe7 21. Rd4 h6 22. Rfd1 Rfc8 23. Rd7 Rxd7 24. Qxd7 Rc7 25. Qd3 Qc5 26. Rd2 b6 27. Qd8+ Kh7 28. Qd3+ Kg8 29. Qd8+ Kh7 30. Qd3+ Qf5 31. Qxf5+ exf5 32. Kf1 Kg6 33. Ke2 Kf6 34. Kd3 Rd7+ 35. Kc3 Rxd2 36. Kxd2 Ke5 37. Kd3 f4 38. a3 fxe3 39. Kxe3 f5 40. g3 g5 41. f4+ gxf4+ 42. gxf4+ Kd5 43. Kd3 h5 44. h4 a6 45. Ke3 b5 46. Kd3 a5 47. Ke3 Kc5 48. Kd3 b4 49. a4 Kd5 50. Ke3 Kc5 51. Kd3 Kd5 52. Ke3 Kc5 53. Kd3 1/2-1/2


[Site "https://www.chess.com"]

[Event "Titled Tuesday Blitz July 25 Late 2023"]
[White "Mekhitarian, Krikor Sevag"]
[Black "Dinu, Dumitru-Daniel"]
[WhiteFideId "2107660"]
[BlackFideId "1208403"]
[WhiteElo "2741"]
[BlackElo "2464"]
[Result "1-0"]
[Round "9"]
[TimeControl "180+2"]
[Date "2023.07.25"]
[WhiteClock "0:01:34"]
[BlackClock "0:00:08"]
[Board "61"]

1. Nf3 d5 2. c4 d4 3. b4 f6 4. Na3 e5 5. Nc2 Be6 6. d3 a5 7. b5 Nd7 8. g3 Bd6 9. Bg2 Ne7 10. O-O O-O 11. Nd2 Nc5 12. Ba3 Rb8 13. Bxc5 Bxc5 14. a4 b6 15. Ne4 Bd6 16. Qd2 Bf5 17. c5 bxc5 18. Qxa5 c6 19. Qxd8 Rfxd8 20. Na3 Bxe4 21. Bxe4 Nd5 22. Nc4 Bc7 23. Rab1 Nc3 24. Bxc6 Nxa4 25. Rb3 Nb6 26. Nd2 Kf7 27. Rc1 Bd6 28. Ne4 Ke7 29. Nxc5 Bxc5 30. Rxc5 Kd6 31. Rc1 Rdc8 32. Ra1 Rc7 33. Rba3 Nd5 34. Ra7 Rxa7 35. Rxa7 Nc7 36. Kg2 g6 37. h4 h5 38. Kf3 f5 39. Ra1 Rb6 40. Ra5 Rb8 41. e3 dxe3 42. fxe3 Rb6 43. d4 exd4 44. exd4 Ne6 45. Ke3 Nc7 46. Kd3 Nd5 47. Ra4 Nc7 48. Kc4 Ne6 49. Ra7 Nc7 50. Ra1 Rb8 51. Re1 Ne6 52. Re5 Rd8 53. Rd5+ Kc7 54. Rxd8 Nxd8 55. Be8 Kd6 56. Bxg6 Ke6 57. Bxh5 Kf6 58. Bf3 Ne6 59. Bd5 Ng7 60. b6 Ne8 61. Kc5 Nd6 62. Kxd6 f4 63. gxf4 Kf5 64. b7 Kxf4 1-0


[Site "https://www.chess.com"]

[Event "Titled Tuesday Blitz July 25 Late 2023"]
[White "brm72"]
[Black "Balla, Tamas-Kristof"]
[BlackFideId "1208497"]
[WhiteElo "2642"]
[BlackElo "2456"]
[Result "1-0"]
[Round "9"]
[TimeControl "180+2"]
[Date "2023.07.25"]
[WhiteClock "0:00:56"]
[BlackClock "0:01:34"]
[Board "62"]

1. e4 c5 2. Nf3 Nc6 3. Bb5 Nf6 4. Nc3 Nd4 5. O-O g6 6. e5 Nxb5 7. exf6 Nxc3 8. dxc3 exf6 9. Re1+ Be7 10. Qd6 Kf8 11. Bh6+ Ke8 12. Bg7 a5 13. Bxf6 Ra6 14. Rxe7+ Kf8 15. Qe5 Rg8 16. Re1 Re6 17. Rxe6 fxe6 18. Bxd8 1-0


[Site "https://www.chess.com"]